| TOP OF THE 1ST |
|
Milwaukee Brewers batting - Pitching for Texas Rangers : LHP Fernando Valenzuela
|
|
Pitching: LHP Fernando Valenzuela
|
|
|
Batting: SHB Alfredo Griffin
|
0-0: Foul Ball, location: 2F 0-1: SINGLE (Groundball, 6S, EV 61.3 MPH) (infield hit)
|
|
Batting: RHB Thurman Munson
|
0-0: Called Strike 0-1: Ball 1-1: Ball 2-1: Ball 3-1: Foul Ball, location: 2F 3-2: Ground out 6-3 (Groundball, 6, EV 106.3 MPH) Alfredo Griffin to second
|
|
Batting: SHB Eddie Murray
|
0-0: Ball 1-0: Fly out, F9 (Flyball, 9S, EV 71.3 MPH)
|
|
Batting: RHB Mike Schmidt
|
0-0: Ball 1-0: Ball 2-0: Foul Ball, location: 2F 2-1: Swinging Strike 2-2: Ball 3-2: Foul Ball, location: 2F 3-2: Foul Ball, location: 2F 3-2: Base on Balls
|
|
Batting: RHB Ken Landreaux
|
0-0: Ball Wild Pitch! Alfredo Griffin to third Mike Schmidt to second 1-0: SINGLE (Line Drive, 8RS, EV 108.1 MPH) Alfredo Griffin scores Mike Schmidt to third Runner from 3rd tries for Home, SAFE, throw by CF to home Ken Landreaux to second
|
|
Batting: LHB Denny Walling
|
0-0: Ball 1-0: Called Strike 1-1: Called Strike 1-2: Ground out 4-3 (Groundball, 4, EV 97.5 MPH)
|
| Top of the 1st over - 2 runs, 2 hits, 0 errors, 1 left on base; Milwaukee 2 - Texas 0 |
| BOTTOM OF THE 1ST |
|
Texas Rangers batting - Pitching for Milwaukee Brewers : RHP Luis Lopez
|
|
Pitching: RHP Luis Lopez
|
|
|
Batting: RHB Joe Charboneau
|
0-0: Called Strike 0-1: Called Strike 0-2: Foul Ball, location: 2F 0-2: Strikes out swinging
|
|
Batting: RHB Kirby Puckett
|
0-0: Ball 1-0: Foul Ball, location: 2F 1-1: Fly out, F7 (Line Drive, 7, EV 89.4 MPH)
|
|
Batting: RHB Steve Garvey
|
0-0: Ball 1-0: Ball 2-0: Ground out 5-3 (Groundball, 15, EV 83.1 MPH)
|
| Bottom of the 1st over - 0 runs, 0 hits, 0 errors, 0 left on base; Milwaukee 2 - Texas 0 |
| TOP OF THE 2ND |
|
Milwaukee Brewers batting - Pitching for Texas Rangers : LHP Fernando Valenzuela
|
|
Batting: LHB Von Hayes
|
0-0: Foul Ball, location: 2F 0-1: Ball 1-1: Ball 2-1: Foul Ball, location: 2F 2-2: Ball 3-2: Base on Balls
|
|
Batting: RHB Glenn Davis
|
0-0: Ball 1-0: Swinging Strike 1-1: Fielders Choice at 2nd, 4-6 (Groundball, 34, EV 89.4 MPH)
|
|
Batting: RHB Steve Sax
|
0-0: Swinging Strike 0-1: Called Strike 0-2: Strikes out swinging
|
|
Batting: SHB Alfredo Griffin
|
0-0: Swinging Strike 0-1: Swinging Strike 0-2: Ball 1-2: Foul Ball, location: 2F 1-2: Fly out, F9 (Flyball, 9, EV 91.3 MPH)
|
| Top of the 2nd over - 0 runs, 0 hits, 0 errors, 1 left on base; Milwaukee 2 - Texas 0 |
| BOTTOM OF THE 2ND |
|
Texas Rangers batting - Pitching for Milwaukee Brewers : RHP Luis Lopez
|
|
Batting: RHB Steve Balboni
|
0-0: Called Strike 0-1: Fly out, F5 (Line Drive, 5, EV 63.1 MPH)
|
|
Batting: LHB Jody Helser
|
0-0: Called Strike 0-1: Ball 1-1: Foul Ball, location: 2F 1-2: Ball 2-2: Foul Ball, location: 2F 2-2: Foul Ball, location: 2F 2-2: Reached on error, E4 (Groundball, 4, EV 104.4 MPH)
|
|
Batting: RHB Rich Dauer
|
0-0: Ground out 6-3 (Groundball, 56D, EV 84.4 MPH) Jody Helser to second
|
|
Batting: RHB George Bjorkman
|
0-0: Called Strike 0-1: Called Strike 0-2: Ball 1-2: Ball 2-2: Strikes out looking
|
| Bottom of the 2nd over - 0 runs, 0 hits, 1 error, 1 left on base; Milwaukee 2 - Texas 0 |
| TOP OF THE 3RD |
|
Milwaukee Brewers batting - Pitching for Texas Rangers : LHP Fernando Valenzuela
|
|
Batting: RHB Thurman Munson
|
0-0: Ball 1-0: SINGLE (Groundball, 34D, EV 100.0 MPH)
|
|
Batting: SHB Eddie Murray
|
0-0: Ball 1-0: Called Strike 1-1: Ball 2-1: SINGLE (Groundball, 6MD, EV 109.4 MPH) Thurman Munson to second Runner from 2nd tries for 3rd, SAFE, no throw by CF
|
|
Batting: RHB Mike Schmidt
|
0-0: Called Strike Eddie Murray steals 2nd base 0-1: Swinging Strike 0-2: Ground out 5-3 (Groundball, 5, EV 81.9 MPH)
|
|
Batting: RHB Ken Landreaux
|
0-0: Ball 1-0: Called Strike 1-1: SINGLE (Groundball, 6MD, EV 94.4 MPH) Thurman Munson scores Eddie Murray to third
|
|
Batting: LHB Denny Walling
|
0-0: Called Strike 0-1: Fielders Choice at 2nd, 5-4 (Groundball, 56, EV 81.3 MPH) Eddie Murray scores
|
|
Batting: LHB Von Hayes
|
0-0: Called Strike 0-1: Swinging Strike 0-2: Ball 1-2: Ball 2-2: SINGLE (Line Drive, 9LS, EV 100.6 MPH) Denny Walling to second Runner from 2nd tries for 3rd, SAFE, throw by RF made to third
|
|
Batting: RHB Glenn Davis
|
0-0: Ball 1-0: Called Strike 1-1: Swinging Strike 1-2: Ball 2-2: Ball 3-2: Ground out 3-1 (Groundball, 34S, EV 85.0 MPH)
|
| Top of the 3rd over - 2 runs, 4 hits, 0 errors, 2 left on base; Milwaukee 4 - Texas 0 |
| BOTTOM OF THE 3RD |
|
Texas Rangers batting - Pitching for Milwaukee Brewers : RHP Luis Lopez
|
|
Batting: RHB Juan Rodriguez
|
0-0: Called Strike 0-1: Foul Ball, location: 2F 0-2: Fly out, F8 (Flyball, 8LD, EV 96.9 MPH)
|
|
Batting: RHB Juan Samuel
|
0-0: SINGLE (Line Drive, 4D, EV 100.0 MPH)
|
|
Batting: RHB Joe Charboneau
|
0-0: Ball 1-0: Called Strike 1-1: Grounds into double play, 6-4-3 (Groundball, 6, EV 86.9 MPH)
|
| Bottom of the 3rd over - 0 runs, 1 hit, 0 errors, 0 left on base; Milwaukee 4 - Texas 0 |
| TOP OF THE 4TH |
|
Milwaukee Brewers batting - Pitching for Texas Rangers : LHP Fernando Valenzuela
|
|
Batting: RHB Steve Sax
|
0-0: Fly out, F9 (Flyball, 9LS, EV 94.4 MPH)
|
|
Batting: SHB Alfredo Griffin
|
0-0: Ball 1-0: Ball 2-0: SINGLE (Flyball, 5D, EV 86.3 MPH)
|
|
Batting: RHB Thurman Munson
|
0-0: Ball 1-0: Called Strike 1-1: Ball 2-1: Called Strike 2-2: Fly out, F7 (Flyball, 78S, EV 83.1 MPH)
|
|
Batting: SHB Eddie Murray
|
0-0: Foul Ball, location: 2F 0-1: Called Strike 0-2: Ball 1-2: SINGLE (Groundball, 3D, EV 99.4 MPH) Alfredo Griffin to second Alfredo Griffin to third
|
|
Batting: RHB Mike Schmidt
|
0-0: Ball 1-0: Ball 2-0: Called Strike 2-1: Foul Ball, location: 2F 2-2: Strikes out swinging
|
| Top of the 4th over - 0 runs, 2 hits, 0 errors, 2 left on base; Milwaukee 4 - Texas 0 |
| BOTTOM OF THE 4TH |
|
Texas Rangers batting - Pitching for Milwaukee Brewers : RHP Luis Lopez
|
|
Batting: RHB Kirby Puckett
|
0-0: Ball 1-0: Called Strike 1-1: Fly out, F9 (Flyball, 89M, EV 86.9 MPH)
|
|
Batting: RHB Steve Garvey
|
0-0: Called Strike 0-1: Foul Ball, location: 2F 0-2: Ball 1-2: Ground out 1-3 (Groundball, 13S, EV 69.4 MPH)
|
|
Batting: RHB Steve Balboni
|
0-0: Ball 1-0: Ground out 6-3 (Groundball, 6, EV 101.9 MPH)
|
| Bottom of the 4th over - 0 runs, 0 hits, 0 errors, 0 left on base; Milwaukee 4 - Texas 0 |
| TOP OF THE 5TH |
|
Milwaukee Brewers batting - Pitching for Texas Rangers : LHP Fernando Valenzuela
|
|
Batting: RHB Ken Landreaux
|
0-0: DOUBLE (Groundball, 5L, EV 102.5 MPH)
|
|
Batting: LHB Denny Walling
|
0-0: Called Strike 0-1: Foul Ball, location: 2F 0-2: Ball 1-2: Ball 2-2: SINGLE (Line Drive, 89S, EV 107.5 MPH) Ken Landreaux to third Runner from 3rd tries for Home, throw by RF and OUT! 9-2 Denny Walling to second
|
|
Batting: LHB Von Hayes
|
0-0: Ball 1-0: Fly out, F4 (Line Drive, 4, EV 65.0 MPH)
|
|
Batting: RHB Glenn Davis
|
0-0: Ball 1-0: Ball 2-0: Ground out 6-3 (Groundball, 6, EV 85.6 MPH)
|
| Top of the 5th over - 0 runs, 2 hits, 0 errors, 1 left on base; Milwaukee 4 - Texas 0 |
| BOTTOM OF THE 5TH |
|
Texas Rangers batting - Pitching for Milwaukee Brewers : RHP Luis Lopez
|
|
Batting: LHB Jody Helser
|
0-0: Called Strike 0-1: Swinging Strike 0-2: Ball 1-2: Ball 2-2: Ball 3-2: Base on Balls
|
|
Batting: RHB Rich Dauer
|
0-0: Ball 1-0: Ball Pickoff Throw by Catcher to First - Error! E2 Jody Helser to second 2-0: Ball 3-0: Base on Balls
|
|
Batting: RHB George Bjorkman
|
0-0: Ball 1-0: Fly out, F6 (Flyball, 56D, EV 75.0 MPH)
|
|
Batting: RHB Juan Rodriguez
|
0-0: Foul Ball, location: 2F 0-1: Ball 1-1: Ball 2-1: Called Strike 2-2: Strikes out swinging
|
|
Batting: RHB Juan Samuel
|
0-0: Called Strike 0-1: Ball 1-1: Foul Ball, location: 2F 1-2: Strikes out swinging
|
| Bottom of the 5th over - 0 runs, 0 hits, 1 error, 2 left on base; Milwaukee 4 - Texas 0 |
| TOP OF THE 6TH |
|
Milwaukee Brewers batting - Pitching for Texas Rangers : LHP Fernando Valenzuela
|
|
Batting: RHB Steve Sax
|
0-0: Swinging Strike 0-1: Ground out 5-3 (Groundball, 5, EV 84.4 MPH)
|
|
Batting: SHB Alfredo Griffin
|
0-0: Ball 1-0: Ball 2-0: Foul Ball, location: 2F 2-1: Ball 3-1: Base on Balls
|
|
Pitching: RHP Doug Sisk
|
|
|
Batting: RHB Thurman Munson
|
0-0: Foul Ball, location: 2F 0-1: Ball 1-1: Ball 2-1: Foul Ball, location: 2F 2-2: Ball 3-2: Foul Ball, location: 2F 3-2: Ground out 4-3 (Groundball, 4, EV 83.8 MPH) Alfredo Griffin to second
|
|
Batting: SHB Eddie Murray
|
0-0: Swinging Strike 0-1: SINGLE (Groundball, 56D, EV 93.8 MPH) Alfredo Griffin to third Runner from 3rd tries for Home, SAFE, throw by LF to home
|
|
Batting: RHB Mike Schmidt
|
0-0: Ball 1-0: Called Strike 1-1: Called Strike 1-2: Strikes out looking
|
| Top of the 6th over - 1 run, 1 hit, 0 errors, 1 left on base; Milwaukee 5 - Texas 0 |
| BOTTOM OF THE 6TH |
|
Texas Rangers batting - Pitching for Milwaukee Brewers : RHP Luis Lopez
|
|
Batting: RHB Joe Charboneau
|
0-0: Ball 1-0: Ball 2-0: Ball 3-0: Called Strike 3-1: Called Strike 3-2: Strikes out swinging
|
|
Batting: RHB Kirby Puckett
|
0-0: Called Strike 0-1: Ball 1-1: Ball 2-1: Ball 3-1: Base on Balls
|
|
Batting: RHB Steve Garvey
|
0-0: Called Strike 0-1: Ball Kirby Puckett steals 2nd base 1-1: Ball 2-1: Foul Ball, location: 2F 2-2: Ball 3-2: Ground out 3-1 (Groundball, 34S, EV 86.9 MPH) Kirby Puckett to third
|
|
Batting: RHB Steve Balboni
|
0-0: Called Strike 0-1: Ball 1-1: Single, Error in OF, E7, batter to second base (Groundball, 5D, EV 95.6 MPH) Kirby Puckett scores
|
|
Batting: LHB Jody Helser
|
0-0: Called Strike 0-1: Ball 1-1: Ball 2-1: SINGLE (Groundball, P, EV 78.8 MPH) (infield hit) Steve Balboni to third
|
|
Batting: RHB Rich Dauer
|
0-0: Fielders Choice at 2nd, 6-4 (Groundball, 56, EV 86.9 MPH)
|
| Bottom of the 6th over - 1 run, 2 hits, 1 error, 2 left on base; Milwaukee 5 - Texas 1 |
| TOP OF THE 7TH |
|
Milwaukee Brewers batting - Pitching for Texas Rangers : RHP Doug Sisk
|
|
Batting: RHB Ken Landreaux
|
0-0: Swinging Strike 0-1: Ball 1-1: Fly out, F7 (Flyball, 7S, EV 86.9 MPH)
|
|
Batting: LHB Denny Walling
|
0-0: Called Strike 0-1: Ball 1-1: Fly out, F9 (Flyball, 89D, EV 90.0 MPH)
|
|
Batting: LHB Von Hayes
|
0-0: Ball 1-0: Foul Ball, location: 2F 1-1: Called Strike 1-2: Foul Ball, location: 2F 1-2: Fly out, F6 (Popup, 6M, EV 73.1 MPH)
|
| Top of the 7th over - 0 runs, 0 hits, 0 errors, 0 left on base; Milwaukee 5 - Texas 1 |
| BOTTOM OF THE 7TH |
|
Texas Rangers batting - Pitching for Milwaukee Brewers : RHP Luis Lopez
|
|
Batting: RHB George Bjorkman
|
0-0: Ball 1-0: Ball 2-0: Foul Ball, location: 2F 2-1: Foul Ball, location: 2F 2-2: Ball 3-2: Ground out 6-3 (Groundball, 6, EV 103.1 MPH)
|
|
Batting: RHB Juan Rodriguez
|
0-0: Ground out 4-3 (Groundball, 4M, EV 86.3 MPH)
|
|
Batting: RHB Juan Samuel
|
0-0: Called Strike 0-1: Foul Ball, location: 2F 0-2: Strikes out looking
|
| Bottom of the 7th over - 0 runs, 0 hits, 0 errors, 0 left on base; Milwaukee 5 - Texas 1 |
| TOP OF THE 8TH |
|
Milwaukee Brewers batting - Pitching for Texas Rangers : RHP Doug Sisk
|
|
Batting: RHB Glenn Davis
|
0-0: Ball 1-0: Called Strike 1-1: Ball 2-1: Foul Ball, location: 2F 2-2: Ball 3-2: Ground out 6-3 (Groundball, 6, EV 84.4 MPH)
|
|
Batting: RHB Steve Sax
|
0-0: Called Strike 0-1: Ball 1-1: Ground out 6-3 (Groundball, 6, EV 111.9 MPH)
|
|
Batting: SHB Alfredo Griffin
|
0-0: Ground out 5-3 (Groundball, 56S, EV 81.9 MPH)
|
| Top of the 8th over - 0 runs, 0 hits, 0 errors, 0 left on base; Milwaukee 5 - Texas 1 |
| BOTTOM OF THE 8TH |
|
Texas Rangers batting - Pitching for Milwaukee Brewers : RHP Luis Lopez
|
|
Batting: RHB Joe Charboneau
|
0-0: Ball 1-0: Foul Ball, location: 2F 1-1: Foul Ball, location: 2F 1-2: Ball 2-2: Ball 3-2: Ground out 6-3 (Groundball, 6, EV 88.1 MPH)
|
|
Batting: RHB Kirby Puckett
|
0-0: Called Strike 0-1: Swinging Strike 0-2: Ball 1-2: Ground out 6-3 (Groundball, 6, EV 92.5 MPH)
|
|
Batting: RHB Steve Garvey
|
0-0: Ball 1-0: SINGLE (Flyball, 3D, EV 93.8 MPH)
|
|
Batting: RHB Steve Balboni
|
0-0: Ball 1-0: Foul Ball, location: 2F 1-1: Fly out, F8 (Flyball, 8LXD, EV 83.1 MPH)
|
| Bottom of the 8th over - 0 runs, 1 hit, 0 errors, 1 left on base; Milwaukee 5 - Texas 1 |
| TOP OF THE 9TH |
|
Milwaukee Brewers batting - Pitching for Texas Rangers : RHP Doug Sisk
|
|
Batting: RHB Thurman Munson
|
0-0: Called Strike 0-1: Ball 1-1: SINGLE (Line Drive, 8RS, EV 91.9 MPH)
|
|
Batting: SHB Eddie Murray
|
0-0: Ball 1-0: Ball 2-0: Ball 3-0: Base on Balls Thurman Munson to second
|
|
Batting: RHB Mike Schmidt
|
0-0: Ball 1-0: Ball 2-0: Ball 3-0: Base on Balls Thurman Munson to third Eddie Murray to second
|
|
Pitching: RHP Kent Tekulve
|
|
|
Batting: RHB Ken Landreaux
|
0-0: Called Strike 0-1: Ball 1-1: Called Strike 1-2: Ball 2-2: Strikes out swinging
|
|
Batting: LHB Denny Walling
|
0-0: Grounds into double play, 6-4-3 (Groundball, 6, EV 82.5 MPH)
|
| Top of the 9th over - 0 runs, 1 hit, 0 errors, 2 left on base; Milwaukee 5 - Texas 1 |
| BOTTOM OF THE 9TH |
|
Texas Rangers batting - Pitching for Milwaukee Brewers : RHP Luis Lopez
|
|
Batting: LHB Jody Helser
|
0-0: Called Strike 0-1: Swinging Strike 0-2: Ball 1-2: Ground out 4-3 (Groundball, 4, EV 105.6 MPH)
|
|
Batting: RHB Rich Dauer
|
0-0: Ground out 6-3 (Groundball, 56D, EV 111.3 MPH)
|
|
Batting: RHB George Bjorkman
|
0-0: Ball 1-0: Called Strike 1-1: Foul Ball, location: 2F 1-2: Ball 2-2: Ball 3-2: Foul Ball, location: 2F 3-2: Strikes out looking
|
| Bottom of the 9th over - 0 runs, 0 hits, 0 errors, 0 left on base; Milwaukee 5 - Texas 1 |
|